 Dungeon Crawl Stone Soup version 0.25-a0-413-g3b4b6a4ccc (webtiles) character file.

Game seed: 2418141491449579352, levelgen mode: deterministic

37608 Borgoz the Fighter (level 13, -5/88 HPs)
             Began as a Gargoyle Berserker on Jan 16, 2020.
             Was a High Priest of Trog.
             Slain by a harpy (7 damage)
             ... summoned by Kirke
             ... on level 15 of the Dungeon.
             The game lasted 00:34:14 (15512 turns).

Borgoz the Fighter (Gargoyle Berserker)            Turns: 15512, Time: 00:34:14

Health: -5/88      AC:  0    Str: 22    XL:     13   Next: 97%
Magic:  0/13       EV: 20    Int: 10    God:    Trog [*****.]
Gold:   1631       SH:  0    Dex: 11    Spells: 12/12 levels left

rFire    . . .     SeeInvis .   (weapon currently unavailable)
rCold    . . .     Gourm    .   (shield currently unavailable)
rNeg     + . .     Faith    .   (armour currently unavailable)
rPois    ∞         Spirit   +   (helmet currently unavailable)
rElec    .         Reflect  .   (cloak currently unavailable)
rCorr    .         Harm     .   (gloves currently unavailable)
MR       .....                  (boots currently unavailable)
Stlth    +.........             D - amulet of guardian spirit
HPRegen  0.24/turn              (ring currently unavailable)
MPRegen  0.13/turn              (ring currently unavailable)

@: about to teleport, pig-form (expiring), berserk cooldown, slowed
A: small, negative energy resistance 1, petrification resistance, rot immunity,
AC +9
a: Berserk, Trog's Hand, Brothers in Arms, Renounce Religion


You were on level 15 of the Dungeon.
You worshipped Trog.
Trog was extremely pleased with you.
You were near starving.
You were a filthy swine.
You visited 2 branches of the dungeon, and saw 16 of its levels.
You also visited: Sewer and Ice Cave.

You collected 2006 gold pieces.
You spent 375 gold pieces at shops.

Inventory:

Hand Weapons
 b - the +0 flail of Patruigh {elec, *Slow rPois rC+++ Stlth+}
   (You found it on level 4 of the Dungeon)

   Occasionally, upon striking a foe, it will discharge some electrical energy
   and cause terrible harm.
   It renders you almost immune to cold.
   It protects you from poison.
   It may slow you when you take damage.
   It makes you more stealthy.
 B - a +4 great mace of crushing (melded)
 P - the +9 battleaxe of Defiance {flame, MR+ Str+8 Int-5}
   (You found it in an ice cave)

   It has been specially enchanted to burn those struck by it, causing extra
   injury to most foes and up to half again as much damage against particularly
   susceptible opponents.
   Big, fiery blades are also staple armaments of hydra-hunters.
   It affects your strength (+8).
   It affects your intelligence (-5).
   It affects your resistance to hostile enchantments.
Missiles
 E - a throwing net (quivered)
Armour
 n - a +2 hat (melded)
 y - the +8 chain mail of Mutualism (melded) {Int+2 Dex+4 Slay-2}
   (You found it on level 6 of the Dungeon)

   It affects your intelligence (+2).
   It affects your dexterity (+4).
   It affects your accuracy and damage with ranged weapons and melee attacks
   (-2).
 O - a +0 cloak of cold resistance (melded)
Jewellery
 f - a ring of resist corrosion (melded)
 i - a ring of protection from fire (melded)
 C - an uncursed amulet of harm
 D - an amulet of guardian spirit (around neck)
Wands
 a - a wand of paralysis (8)
 v - a wand of iceblast (13)
 w - a wand of polymorph (10)
 K - a wand of digging (3)
 L - a wand of acid (11)
Scrolls
 d - 2 scrolls of magic mapping
 e - 4 scrolls of blinking
 g - a scroll of teleportation
 h - 2 scrolls of random uselessness {unknown}
 j - a scroll of enchant weapon
 k - 2 scrolls of fog {unknown}
 o - 6 scrolls of remove curse
 p - 6 scrolls of enchant armour
 s - a scroll of noise {unknown}
 t - a scroll of fear {unknown}
 z - 2 scrolls of torment {unknown}
 A - 3 scrolls of silence {unknown}
 G - a scroll of holy word {unknown}
Potions
 l - 2 potions of berserk rage
 m - 8 potions of curing
 q - a potion of cancellation
 r - a potion of haste
 u - 3 potions of resistance
 x - a potion of mutation
 H - a potion of agility
 J - 2 potions of heal wounds {unknown}
 M - 3 potions of flight
 N - 2 potions of might
Comestibles
 c - 21 rations
 Q - 7 chunks of flesh


   Skills:
 + Level 13.1 Fighting
 + Level 12.1 Maces & Flails
 + Level 12.9 Armour
 + Level 10.2 Dodging


You had 12 spell levels left.
You didn't know any spells.
Your spell library was empty.

Dungeon Overview and Level Annotations

Branches:
Dungeon (15/15)            Temple (1/1) D:7            Lair (0/6) D:10
    Orc (0/2) D:12         Vaults (0/5) D:13          Sewer (visited)
  IceCv (visited)
 Depths: D:15

Altars:
Ashenzari
Dithmenos
Fedhas
Gozag
Hepliaklqana
Nemelex Xobeh
Okawaru
Sif Muna
Trog
Uskayaw
Vehumet
Wu Jian
Xom
Zin
Beogh

Shops:
D:7 }   D:8 =::}   D:9 }   D:13 *[[[   D:14 *

Annotations:
D:8 1 runed translucent door, Flubbersnuff's ghost, novice MiBe
D:12 2 transporters
D:15 Kirke


Innate Abilities, Weirdness & Mutations

You are resistant to torment.
((Your stone body is resilient. (AC +9)))
You are immune to poison.
You resist negative energy. (rN+)
((You are resistant to electric shocks. (rElec)))
((You can survive without breathing.))
You are immune to petrification.
You are immune to rotting.


Message History

You feel strangely unstable.
The harpy screeches!
The harpy closely misses you. The harpy completely misses you.
The harpy claws you.
* * * LOW HITPOINT WARNING * * *
The harpy claws you.
* * * LOW HITPOINT WARNING * * *
The harpy completely misses you. The harpy barely misses you.
Your surroundings seem slightly different.
As you read the scroll of teleportation, it crumbles to dust.
You feel strangely unstable. The harpy closely misses you.
The harpy misses you. x2
The harpy closely misses you.
Your transformation is almost over.
The harpy claws you!
* * * LOW HITPOINT WARNING * * *
The harpy claws you.
* * * LOW HITPOINT WARNING * * *
The harpy claws you!
You die...

.......†.......#.
..............<#.
...............#.
......†.h{.....#.
#....####.##.####
##....####'##.####
+.............#...
#......h......#...
#hH..h........#...
#.H...........#...
#............(#...
#.............)(..
#..........}..#...
##################


You could see 2 harpies and 2 hogs.

Vanquished Creatures
  A frost giant (IceCv)
  A hydra (D:11)
  5 centaur warriors
  Erica (D:11)
  A two-headed ogre (D:13)
  A death knight (D:14)
  2 tengu warriors
  Pikel (D:6)
  A necromancer (D:13)
  A deep elf mage (D:13)
  2 manticores (D:14)
  8 ugly things
  3 centaur zombies
  4 cyclopes
  An ice statue (IceCv)
  A gargoyle (D:13)
  4 centaur skeletons
  4 kobold demonologists (D:12)
  An efreet (D:13)
  A komodo dragon (D:10)
  A tengu conjurer (D:15)
  A queen bee (shapeshifter) (D:13)
  A merfolk (D:9)
  13 polar bears (IceCv)
  Grinder (D:4)
  3 trolls
  A hornet (D:13)
  2 hippogriffs
  2 wyverns
  A vampire (D:14)
  A wraith (D:12)
  17 yaks
  4 hogs (D:15)
  2 hungry ghosts
  Grum (D:11)
  A basilisk (D:12)
  A steam dragon (D:10)
  A basilisk (shapeshifter) (D:15)
  Menkaure (D:5)
  3 acid dragons
  A soldier ant (D:14)
  4 orc warriors
  3 black bears
  4 slaves (D:6)
  Purgy (Sewer)
  3 ice beasts
  3 sky beasts
  An eye of draining (D:13)
  2 necrophages
  4 ogres
  7 phantoms
  17 wolves
  9 centaurs
  5 big kobolds
  9 bullfrogs
  A water moccasin zombie (D:2)
  5 scorpions
  4 killer bees (D:11)
  A water moccasin skeleton (D:11)
  A howler monkey (D:6)
  20 wights
  6 crimson imps
  2 quasits (D:13)
  3 bullfrog skeletons
  5 orc priests
  8 jellies
  3 hounds
  9 orc wizards
  2 iguanas
  14 worker ants
  2 hound zombies
  A hound skeleton (D:5)
  3 worker ant zombies
  11 adders
  A gnoll (D:1)
  2 howler monkey skeletons
  3 shadow imps
  3 oozes
  An adder skeleton (D:8)
  A worm (D:4)
  3 dart slugs
  6 leopard geckos
  69 orcs
  5 giant cockroaches
  7 hobgoblins
  3 jackals (D:1)
  2 quokkas (D:10)
  6 ball pythons
  A ball python skeleton (D:5)
  11 bats
  12 frilled lizards
  A giant cockroach zombie (D:6)
  4 goblins
  16 kobolds
  A leopard gecko skeleton (D:4)
  A quokka skeleton (D:4)
  8 rats
  A plant (D:10)
444 creatures vanquished.

Vanquished Creatures (others)
  2 fungi (D:8)
  3 plants
5 creatures vanquished.

Grand Total: 449 creatures vanquished

Notes
Turn   | Place    | Note
-------+----------+-------------------------------------------
     0 | D:1      | Borgoz the Gargoyle Berserker began the quest for the Orb.
     0 | D:1      | Reached XP level 1. HP: 14/14 MP: 1/1
    18 | D:1      | Noticed a minotaur skeleton
   206 | D:1      | Reached XP level 2. HP: 9/19 MP: 2/2
   815 | D:1      | Reached XP level 3. HP: 21/23 MP: 3/3
  1304 | D:2      | Reached ** piety under Trog
  1352 | D:2      | Reached skill level 4 in Fighting
  1352 | D:2      | Reached XP level 4. HP: 24/29 MP: 4/4
  1528 | D:2      | Found a shimmering altar of Xom.
  1620 | D:2      | Reached XP level 5. HP: 30/33 MP: 5/5
  1651 | D:2      | Found a glowing silver altar of Zin.
  1651 | D:2      | Found an opulent altar of Gozag.
  1676 | D:2      | Found a blossoming altar of Fedhas.
  3278 | D:4      | Found a glowing drain.
  3306 | D:4      | Reached XP level 6. HP: 39/39 MP: 6/6
  3340 | Sewer    | Entered a sewer
  3360 | Sewer    | Noticed Purgy
  3368 | Sewer    | Killed Purgy
  3368 | Sewer    | Reached skill level 5 in Fighting
  3818 | D:4      | Found an iron altar of Okawaru.
  3818 | D:4      | Noticed a phantom
  3839 | D:4      | Killed a phantom
  3839 | D:4      | Reached XP level 7. HP: 35/44 MP: 7/7
  3901 | D:4      | Noticed Grinder
  3912 | D:4      | Killed Grinder
  3912 | D:4      | Reached *** piety under Trog
  3912 | D:4      | Reached skill level 5 in Maces & Flails
  3934 | D:4      | Reached skill level 5 in Armour
  4220 | D:4      | Got a shimmering flail
  4221 | D:4      | Identified the cursed +0 flail of Patruigh {elec, *Slow
                  | rPois rC+++ Stlth+} (You found it on level 4 of the
                  | Dungeon)
  4245 | D:5      | Entered Level 5 of the Dungeon
  4257 | D:5      | Found a hazy altar of Hepliaklqana.
  4425 | D:5      | Found a shattered altar of Ashenzari.
  4448 | D:5      | Noticed Menkaure
  4457 | D:5      | Killed Menkaure
  4457 | D:5      | Reached XP level 8. HP: 44/51 MP: 8/8
  4463 | D:5      | Reached skill level 6 in Fighting
  4812 | D:5      | Found a bloodstained altar of Trog.
  5195 | D:6      | Got a heavily runed chain mail
  5206 | D:6      | Identified the +8 chain mail of Mutualism {Int+2 Dex+4
                  | Slay-2} (You found it on level 6 of the Dungeon)
  5370 | D:6      | Noticed Pikel
  5447 | D:6      | Killed Pikel
  5447 | D:6      | Reached skill level 7 in Fighting
  5447 | D:6      | Reached skill level 5 in Dodging
  5447 | D:6      | Reached XP level 9. HP: 46/57 MP: 9/9
  5803 | D:6      | Reached **** piety under Trog
  6081 | D:6      | Found a shimmering blue altar of Sif Muna.
  6513 | D:7      | Found a transporter.
  6581 | D:7      | Found a shadowy altar of Dithmenos.
  6584 | D:7      | Found Ditog's Gadget Shop.
  6646 | D:7      | Found a transporter.
  6692 | D:7      | Found a staircase to the Ecumenical Temple.
  6734 | D:7      | Reached skill level 8 in Fighting
  7028 | D:7      | Reached XP level 10. HP: 64/64 MP: 10/10
  7268 | Temple   | Entered the Ecumenical Temple
  7403 | D:8      | Found Nulua's Book Emporium.
  7430 | D:8      | Found Waugu's Gadget Shop.
  7468 | D:8      | Noticed a brown ugly thing
  7484 | D:8      | Killed a brown ugly thing
  7621 | D:8      | Found Beculudeont's Jewellery Shoppe.
  7639 | D:8      | Found a runed translucent door.
  7657 | D:8      | Bought an uncursed ring of protection from fire for 375
                  | gold pieces
  7733 | D:8      | Found a hide-covered altar of Uskayaw.
  7733 | D:8      | Noticed a +0 dagger
  7733 | D:8      | Noticed a +0 hand axe
  7751 | D:8      | Reached skill level 9 in Fighting
  7926 | D:8      | Identified the +6 spear of Xeeplut {venom, rC- MR+++}
  7926 | D:8      | Noticed Flubbersnuff's ghost (novice MiBe)
  7943 | D:8      | Found Uturgh's Book Emporium.
  8029 | D:8      | Reached ***** piety under Trog
  8029 | D:8      | Received a gift from Trog
  8229 | D:9      | Found Rungiani's Gadget Emporium.
  8406 | D:9      | Found a radiant altar of Vehumet.
  8496 | D:9      | Noticed a centaur warrior
  8509 | D:9      | Killed a centaur warrior
  8659 | D:9      | Found an ornate altar of the Wu Jian Council.
  8694 | D:9      | Found a sparkling altar of Nemelex Xobeh.
  8854 | D:9      | Reached XP level 11. HP: 71/71 MP: 11/11
  8860 | D:9      | Found a roughly hewn altar of Beogh.
  9142 | D:10     | Entered Level 10 of the Dungeon
  9627 | D:10     | Found a staircase to the Lair.
  9648 | D:10     | Reached skill level 10 in Fighting
 10048 | D:11     | Noticed Erica
 10091 | D:11     | Killed Erica
 10212 | D:11     | Noticed a five-headed hydra
 10214 | D:11     | Noticed Grum
 10230 | D:11     | Killed a five-headed hydra
 10230 | D:11     | Reached skill level 10 in Armour
 10248 | D:11     | Received a gift from Trog
 10283 | D:11     | Killed Grum
 10294 | D:11     | Got a fine long sword {god gift}
 10295 | D:11     | Identified the +3 long sword "Jablingih" {slice, rC+ rN+}
                  | (Trog gifted it to you on level 11 of the Dungeon)
 10409 | D:11     | Noticed a cyclops
 10418 | D:11     | Killed a cyclops
 10460 | D:11     | Noticed a red ugly thing
 10465 | D:11     | Killed a red ugly thing
 10884 | D:12     | Reached skill level 10 in Maces & Flails
 10889 | D:12     | Reached XP level 12. HP: 75/79 MP: 12/12
 11059 | D:12     | Reached skill level 11 in Fighting
 11235 | D:12     | Identified a scroll of acquirement
 11236 | D:12     | Identified the ring "Sabusayd" {+Inv Str+6 Int+4 Dex-5}
                  | (You acquired it on level 12 of the Dungeon)
 11367 | D:12     | Received a gift from Trog
 11489 | D:12     | Found a staircase to the Orcish Mines.
 11585 | D:12     | Noticed a two-headed ogre
 11586 | D:12     | Noticed a two-headed ogre
 11602 | D:12     | Noticed a two-headed ogre
 11606 | D:12     | Found a bloodstained altar of Trog.
 11606 | D:12     | Identified the +3 morningstar "Newtslayer" {flame, *Drain
                  | rC++ MR+ Int-4}
 11606 | D:12     | Noticed a tengu warrior
 11613 | D:12     | Found a transporter.
 11613 | D:12     | Identified the cursed +1 whip of Compulsion {holy, Int+4
                  | Stlth+}
 11613 | D:12     | Noticed a tengu warrior
 11619 | D:12     | Found a transporter.
 11770 | D:13     | Found Wobokiap's Antique Armour Shoppe.
 11839 | D:13     | Noticed a tengu warrior
 11855 | D:13     | Killed a tengu warrior
 12172 | D:13     | Found Fourougg's Assorted Antiques.
 12196 | D:13     | Found Nolydown's Antique Armour Shop.
 12197 | D:13     | Noticed a two-headed ogre
 12208 | D:13     | Killed a two-headed ogre
 12254 | D:13     | Noticed a centaur warrior
 12273 | D:13     | Killed a centaur warrior
 12419 | D:13     | Noticed a centaur warrior
 12428 | D:13     | Killed a centaur warrior
 12588 | D:13     | Found Gerry's Armour Boutique.
 12870 | D:13     | Found a gate to the Vaults.
 12962 | D:14     | Reached skill level 12 in Fighting
 12972 | D:14     | Found a frozen archway.
 13032 | D:14     | Reached XP level 13. HP: 83/86 MP: 11/13
 13056 | IceCv    | Entered an ice cave
 13602 | IceCv    | Received a gift from Trog
 14007 | IceCv    | Noticed a frost giant
 14037 | IceCv    | Killed a frost giant
 14262 | IceCv    | Got a sapphire battleaxe
 14463 | D:14     | Found Aluishoi's Blood Bar.
 15010 | D:14     | Reached skill level 10 in Dodging
 15196 | D:14     | Reached skill level 13 in Fighting
 15229 | D:14     | Identified the +9 battleaxe of Defiance {flame, MR+ Str+8
                  | Int-5} (You found it in an ice cave)
 15367 | D:15     | Entered Level 15 of the Dungeon
 15459 | D:15     | Received a gift from Trog
 15483 | D:15     | Noticed Kirke
 15512 | D:15     | HP: 4/88 [harpy[Kirke] (12)]
 15512 | D:15     | Slain by a harpy

Levels and vault maps discovered:
D:1:      shiori_arrival_whats_in_store_for_you, layout_loops_corners
D:2:      layout_rooms, grunt_temple_overflow_gold_and_silver, fedhas_altar_1,
          serial_forest, infiniplex_forest_straight_2,
          infiniplex_forest_lined_1, infiniplex_forest_end_2,
          infiniplex_forest_side_room, infiniplex_forest_lined_2,
          infiniplex_forest_lined_room_2, infiniplex_forest_clump_small,
          brannock_xom_greatest_gift
D:3:      layout_basic
D:4:      layout_loops_ring, lemuel_round_altar, gup_sewer_entry_glass,
          uniq_grinder
D:5:      layout_loops_ring, marbit_many_paths, kennysheep_mini_moat,
          overflow_temple_1_default, first_ration, corexii_checkpoint_b,
          skrybe_limestone_x, minivault_23, uniq_menkaure
D:6:      nicolae_whirlpool, layout_loops_ring, lemuel_blue_sif_altar,
          lightli_orcish_oven, uniq_pikel
D:7:      gammafunk_cloud_chamber, layout_basic, grunt_dithmenos_smoke,
          minmay_temple_entry_junction_2, serial_shops, shop
D:8:      layout_gridville, dancing_weapons_uskayaw, serial_shops,
          nicolae_shop_trees, shop_statue, shop, shop_fountains,
          ebering_ghost_funeral_grove
D:9:      layout_basic, fiery_altar_vehumet, kennysheep_mini,
          nemelex_xobeh_ov_fountains_minmay, special_room [special_room_orc],
          serial_shops, shop, hangedman_fish_farm
D:10:     layout_loops_cross, david_lair_shrubbed
D:11:     layout_basic, serial_bayou_pond_d, uniq_erica, uniq_grum
D:12:     layout_basic, orc_0_dummy, gammafunk_ghost_wrathful_warriors
D:13:     layout_stronghold, david_vaults_1, serial_shops, shop, shop,
          nicolae_shop_trees, nicolae_shop_waterfront, minmay_misc_feat_encased
D:14:     layout_grid_maze, portal_ice_cave_entry_pillars_2, guppyfry_shop_blood
D:15:     grunt_enter_depths_snipers, layout_gridville, uniq_kirke
Temple:   nicolae_temple_figure_zero

Skill      XL: |  1  2  3  4  5  6  7  8  9 10 11 12 13 |
---------------+----------------------------------------+-----
Dodging        | 2 3 4 5 7 8 9 10 | 10.2
Fighting       | 4 5 7 8 9 10 12 13 | 13.1
Armour         | 3 4 5 6 7 9 10 11 12 | 12.9
Maces & Flails | 4 5 6 7 8 10 11 12 | 12.1

Action                   |  1- 3 |  4- 6 |  7- 9 | 10-12 | 13-15 || total
-------------------------+-------+-------+-------+-------+-------++-------
Melee: Mace              |    31 |       |       |       |       ||    31
       Flail             |    52 |    83 |   410 |   989 |   467 ||  2001
       Whip              |    23 |    91 |       |       |       ||   114
       Great mace        |       |       |       |       |    10 ||    10
       Unarmed           |       |       |       |       |     6 ||     6
Invok: Berserk           |     3 |     2 |     3 |     3 |     3 ||    14
       Trog's Hand       |       |     1 |     2 |     1 |       ||     4
  Use: Scroll            |       |     4 |     9 |     7 |     3 ||    23
       Potion            |       |     1 |       |     2 |       ||     3
  Eat: Chunk             |     3 |     8 |    14 |    24 |    10 ||    59
       Ration            |       |     1 |       |     2 |       ||     3
Armor: Animal skin       |    39 |       |       |       |       ||    39
       Ring mail         |    14 |    19 |       |       |       ||    33
       Scale mail        |       |    80 |    53 |       |       ||   133
       Chain mail        |       |       |   245 |   748 |   407 ||  1400
Dodge: Dodged            |    89 |   112 |   266 |   639 |   426 ||  1532

Table legend:
 A = Non-vault XP
 B = Vault XP
 C = Vault XP percentage of total XP
 D = Non-vault monster count
 E = Vault monster count
 F = Vault count percentage of total count
                 A         B        C        D         E       F
            +---------+---------+-------+---------+---------+-------
      Total |   37536 |   16191 |  30.1 |     331 |     108 |  24.6
            +---------+---------+-------+---------+---------+-------
        D:1 |      53 |       0 |   0.0 |      23 |       0 |   0.0
        D:2 |     128 |       0 |   0.0 |      12 |       0 |   0.0
        D:3 |      74 |       0 |   0.0 |      14 |       0 |   0.0
        D:4 |     451 |     315 |  41.1 |      27 |       3 |  10.0
        D:5 |     307 |     173 |  36.0 |      12 |       3 |  20.0
        D:6 |    1013 |     913 |  47.4 |      32 |       8 |  20.0
        D:7 |    1081 |     547 |  33.6 |      30 |       7 |  18.9
        D:8 |    2013 |       0 |   0.0 |      29 |       0 |   0.0
        D:9 |    1788 |     542 |  23.3 |      13 |      25 |  65.8
       D:10 |    2083 |     361 |  14.8 |      29 |       1 |   3.3
       D:11 |    2929 |    1583 |  35.1 |      17 |       6 |  26.1
       D:12 |    5887 |       0 |   0.0 |      37 |       0 |   0.0
       D:13 |    6804 |    1517 |  18.2 |      28 |       2 |   6.7
       D:14 |   10313 |       7 |   0.1 |      22 |       5 |  18.5
       D:15 |    2612 |     798 |  23.4 |       6 |       4 |  40.0
      Sewer |       0 |     140 | 100.0 |       0 |       8 | 100.0
      IceCv |       0 |    9295 | 100.0 |       0 |      36 | 100.0
            +---------+---------+-------+---------+---------+-------
